 Seeded DCSS version 0.29-a0-82-g837932c90e (webtiles) character file.

Game seed: 10000000000011 (custom seed)

3210 knot the Cleaver (level 9, 0/63 HPs)
             Began as a Demonspawn Berserker on Feb 5, 2022.
             Was a Believer of Trog.
             Shot with an arrow by a centaur (7 damage)
             ... on level 8 of the Dungeon.
             The game lasted 00:05:57 (8604 turns).

knot the Cleaver (Demonspawn Berserker)             Turns: 8604, Time: 00:05:58

Health: 0/63       AC:  0    Str: 17    XL:     9   Next: 65%
Magic:  0/9        EV: 12    Int: 13    God:    Trog [**....]
Gold:   480        SH:  5    Dex: 13    Spells: 8/8 levels left

rFire   + . .      SeeInvis .   a - +0 hand axe
rCold   . . .      Faith    .   (no shield)
rNeg    . . .      Spirit   +   v - +2 robe {rF+}
rPois   .          Reflect  +   (no helmet)
rElec   .          Harm     .   (no cloak)
rCorr   .          Rampage  .   (gloves unavailable)
Will    .....                   (no boots)
Stlth   +.........              d - amulet of reflection
HPRegen 0.20/turn               (no ring)
MPRegen 0.22/turn               (no ring)

@: marked, corroded, on berserk cooldown, slowed, very slow
A: powered by death 1, magic shield, magic regeneration, demonic touch 3
a: Renounce Religion, Berserk, Trog's Hand


You were on level 8 of the Dungeon.
You worshipped Trog.
Trog was pleased with you.
You visited 1 branch of the dungeon, and saw 8 of its levels.

You collected 480 gold pieces.

Inventory:

Hand Weapons
 a - a +0 hand axe (weapon)
Missiles
 f - 192 stones (quivered)
 j - 6 poisoned darts
 p - 10 boomerangs
 r - 22 sling bullets
Armour
 v - a +2 robe of fire resistance (worn)
Jewellery
 d - an amulet of reflection (around neck)
Wands
 b - a wand of iceblast (6)
 o - a wand of polymorph (14)
 s - a wand of flame (28)
Scrolls
 c - a scroll of amnesia {unknown}
 i - 3 scrolls of identify {unknown}
 m - 2 scrolls of blinking {unknown}
 n - a scroll of fog {unknown}
 q - 2 scrolls of teleportation {unknown}
 u - 2 scrolls of holy word {unknown}
Potions
 e - 3 potions of curing
 g - a potion of lignification {unknown}
 h - a potion of might {unknown}
 k - a potion of magic {unknown}
 l - a potion of heal wounds {unknown}
 t - a potion of brilliance {unknown}
 w - 2 potions of resistance {unknown}


   Skills:
 - Level 3.0 Fighting
 + Level 12.7 Axes
 - Level 1.7 Armour
 - Level 1.7 Dodging


You had 8 spell levels left.
You didn't know any spells.
Your spell library contained the following spells:

 Spells                   Type           Power      Damage    Failure   Level
 Corpse Rot               Necr/Air       0%         N/A       43%         2
 Ensorcelled Hibernation  Hex/Ice        0%         N/A       43%         2
 Passwall                 Tmut/Erth      0%         N/A       43%         2
 Poisonous Vapours        Pois/Air       0%         N/A       43%         2
 Ozocubu's Armour         Ice            0%         N/A       67%         3
 Swiftness                Air            0%         N/A       67%         3
 Tukima's Dance           Hex            0%         N/A       67%         3
 Anguish                  Hex/Necr       0%         N/A       97%         4
 Metabolic Englaciation   Hex/Ice        0%         N/A       100%        5
 Simulacrum               Ice/Necr       0%         N/A       100%        6
 Enfeeble                 Hex            0%         N/A       100%        7


Dungeon Overview and Level Annotations

Branches:
Dungeon (8/15)             Temple (0/1) D:4
   Lair: D:8-11

Altars:
Okawaru
Ru
Uskayaw

Shops:
D:3 [


Innate Abilities, Weirdness & Mutations

You regenerate a little health from kills.
When hurt, damage is shared between your health and your magic reserves.
You regenerate magic rapidly.
Your touch may irresistibly damage your foes and sap their willpower.


Message History

You kill the jelly!
Trog accepts your kill.
You hit Harold but do no damage.
Your Axes skill increases to level 12!
You barely miss Harold.
Harold is heavily wounded.
Harold hits you with a +0 short sword!
You are too injured to fight recklessly!
You are too injured to fight recklessly!
You are too injured to fight recklessly!
You are too injured to fight recklessly!
You are too injured to fight recklessly!
You slash Harold!
You touch Harold.
You sap his willpower!
Harold is severely wounded.
You hit Harold but do no damage.
Harold is severely wounded.
You barely miss Harold.
You touch Harold!
You sap his willpower!
Harold is almost dead.
Harold hits you with a +0 short sword!
You hit Harold.
You touch Harold.
You sap his willpower!
Harold is almost dead.
A centaur comes into view.
You hit Harold but do no damage.
Harold is almost dead.
You block Harold's attack.
The centaur wields a +0 shortbow.
The centaur shoots an arrow.
The arrow hits you!
* * * LOW HITPOINT WARNING * * *
You slash Harold!
You kill Harold!
Trog accepts your kill.
Trog appreciates your killing of a magic user.
The centaur shoots an arrow.
The arrow misses you.
You feel a strong urge to attack something.
You are no longer berserk.
You are exhausted.
You feel yourself slow down.
The centaur shoots an arrow.
The arrow hits you!
* * * LOW HITPOINT WARNING * * *
There is a stone staircase leading up here.
The centaur shoots an arrow.
The arrow hits you!
You die... #.#######.##.. #..)..@..((c.. #########.###.

You could see a centaur.

Vanquished Creatures
  Harold (D:8)
  Joseph (D:7)
  A kobold demonologist (D:5)
  A black bear (D:5)
  A necrophage (D:6)
  A boggart (D:4)
  An ice beast (D:7)
  4 ogres
  A phantom (D:6)
  A kobold brigand (D:7)
  5 scorpions
  2 wyvern zombies (D:7)
  A wyvern skeleton (D:7)
  5 wights (D:7)
  A howler monkey (D:5)
  A centaur zombie (D:5)
  An orc priest (D:4)
  3 hounds
  2 jellies
  2 centaur skeletons
  2 bullfrog skeletons
  Ijyb (D:4)
  A scorpion zombie (D:5)
  A river rat (D:4)
  7 adders
  A shadow imp (D:7)
  13 orcs
  6 endoplasms
  2 giant cockroaches
  5 goblins
  5 hobgoblins
  14 jackals
  A quokka (D:4)
  4 ball pythons
  7 bats
  5 frilled lizards
  6 kobolds
  5 rats
122 creatures vanquished.

Vanquished Creatures (others)
  An orc wizard (D:7)
  An orc (D:7)
  A kobold (D:7)
3 creatures vanquished.

Grand Total: 125 creatures vanquished

Notes
Turn   | Place    | Note
-------+----------+-------------------------------------------
     0 | D:1      | knot the Demonspawn Berserker began the quest for the Orb.
     0 | D:1      | Reached XP level 1. HP: 18/18 MP: 1/1
   109 | D:1      | Reached skill level 3 in Axes
   627 | D:1      | Gained mutation: You regenerate magic rapidly. [demonic
                  | ancestry]
   627 | D:1      | Reached XP level 2. HP: 11/24 MP: 2/2
  1837 | D:2      | Gained mutation: Your touch may inflict minor irresistible
                  | damage on your foes. [demonic ancestry]
  1837 | D:2      | Reached XP level 3. HP: 29/29 MP: 3/3
  1892 | D:2      | Reached skill level 4 in Axes
  1913 | D:2      | Reached ** piety under Trog
  2508 | D:2      | Reached XP level 4. HP: 34/35 MP: 4/4
  2973 | D:3      | Noticed an ogre
  2982 | D:3      | Killed an ogre
  2983 | D:3      | Reached skill level 5 in Axes
  2983 | D:3      | Reached XP level 5. HP: 25/41 MP: 5/5
  3213 | D:3      | Found Daocsar's Antique Armour Emporium.
  3632 | D:4      | Reached skill level 6 in Axes
  3964 | D:4      | Found a staircase to the Ecumenical Temple.
  3973 | D:4      | Gained mutation: Your touch may inflict irresistible damage
                  | on your foes. [demonic ancestry]
  3973 | D:4      | Reached XP level 6. HP: 44/47 MP: 6/6
  4384 | D:4      | Noticed Duvessa
  4384 | D:4      | Noticed Dowan
  4385 | D:4      | Noticed Dowan
  4385 | D:4      | Dowan changed into Dowan the boggart
  4387 | D:4      | Noticed Duvessa
  4387 | D:4      | Duvessa changed into Duvessa the river rat
  4393 | D:4      | Killed Duvessa the river rat
  4396 | D:4      | Killed Dowan the boggart
  4548 | D:4      | Noticed Ijyb
  4550 | D:4      | You fall into a shaft and drop 2 floors!
  4558 | D:6      | Reached skill level 7 in Axes
  4561 | D:6      | Gained mutation: When hurt, damage is shared between your
                  | health and your magic reserves. [demonic ancestry]
  4561 | D:6      | Reached XP level 7. HP: 52/52 MP: 7/7
  4820 | D:5      | Entered Level 5 of the Dungeon
  4921 | D:5      | Reached skill level 8 in Axes
  5123 | D:5      | Found a hide-covered altar of Uskayaw.
  5495 | D:4      | Killed Ijyb
  5856 | D:5      | Noticed a kobold demonologist
  5975 | D:5      | Killed a kobold demonologist
  5976 | D:5      | Reached skill level 9 in Axes
  5976 | D:5      | Gained mutation: You regenerate a little health from kills.
                  | [demonic ancestry]
  5976 | D:5      | Reached XP level 8. HP: 58/58 MP: 8/8
  6582 | D:6      | Reached skill level 10 in Axes
  7309 | D:6      | Found an iron altar of Okawaru.
  7796 | D:7      | Reached skill level 11 in Axes
  7799 | D:7      | Gained mutation: Your touch may irresistibly damage your
                  | foes and sap their willpower. [demonic ancestry]
  7799 | D:7      | Reached XP level 9. HP: 63/63 MP: 6/9
  8257 | D:7      | Noticed Joseph
  8275 | D:7      | Killed Joseph
  8413 | D:7      | Found a sacrificial altar of Ru.
  8584 | D:8      | Noticed Harold
  8595 | D:8      | Reached skill level 12 in Axes
  8601 | D:8      | Killed Harold
  8604 | D:8      | Shot with an arrow by a centaur

Illustrated notes

Levels and vault maps discovered:
D:1:      lordsloth_arrival_two_stooges, layout_basic, grunt_decor_fettered,
          minmay_misc_feat_diagonals, nicolae_concentric_dashed_squares_wild
D:2:      layout_rooms, hangedman_decor_clover_reticule
D:3:      layout_basic, serial_shops, shop, kennysheep_path_1
D:4:      layout_rooms, temple_doors_e, uniq_duvessa, uniq_ijyb
D:5:      layout_loops_cross, nicolae_uskayaw_suspiria, item_on_display_a
D:6:      layout_rooms, nicolae_overflow_hidden_temple, grunt_ministairs_6
D:7:      layout_loops_ring, nicolae_ru_awakened_eye, palyth_stone_intersect,
          minmay_misc_feat_alley, minivault_27, uniq_joseph
D:8:      layout_loops_ring, ebering_ghost_disaster_area,
          nicolae_shop_self_help, uniq_harold, uniq_erica, uniq_prince_ribbit1

Skill      XL: |  1  2  3  4  5  6  7  8  9 |
---------------+----------------------------+-----
Axes           | 3 4 5 6 7 9 11 12 | 12.7
Fighting       | |  3.0
Armour         | |  1.7
Dodging        | |  1.7

Action                   |  1- 3 |  4- 6 |  7- 9 || total
-------------------------+-------+-------+-------++-------
Melee: Hand axe          |    88 |    85 |   192 ||   365
       Touch             |     5 |    12 |    35 ||    52
       Punch             |       |     1 |     2 ||     3
Throw: Boomerang         |       |       |     1 ||     1
       Dart              |       |       |     2 ||     2
       Stone             |       |       |     2 ||     2
Invok: Berserk           |     1 |     4 |    12 ||    17
       Trog's Hand       |       |     1 |     2 ||     3
Evoke: Wand              |       |     2 |     6 ||     8
  Use: Potion            |       |       |     1 ||     1
 Stab: Sleeping          |       |     2 |       ||     2
Armor: Animal skin       |    15 |    13 |     6 ||    34
       Robe              |       |       |    11 ||    11
Dodge: Dodged            |    60 |    59 |    97 ||   216
Block: Other             |    19 |    23 |    33 ||    75
       Reflection        |       |       |     2 ||     2

Table legend: (Time is in decaauts)
 A = Elapsed time spent in this place.
 B = Non-inter-level travel time spent in this place.
 C = Inter-level travel time spent in this place.
 D = Time resting spent in this place.
 E = Time spent auto-exploring this place.
 F = Levels seen in this place.
 G = Mean time per level.
                   A        B        C        D        E       F      G
               +--------+--------+--------+--------+--------+-----+--------+
         Total |   8719 |   8424 |    295 |   3720 |   3916 |   8 | 1089.9 |
       Dungeon |   8719 |   8424 |    295 |   3720 |   3916 |   8 | 1089.9 |
               +--------+--------+--------+--------+--------+-----+--------+

Top non-repeatable levels by time:
     D:1: 1848 daAuts
     D:4: 1488 daAuts
     D:5: 1238 daAuts
     D:6: 1200 daAuts
     D:7: 1177 daAuts
     D:2: 1053 daAuts
     D:3: 700 daAuts
     D:8: 12 daAuts
